Map: Eternal Empire LE

Players

Maxilicious

  • Race: Terran Terran
  • Spawn Location: 7:00

A.I. 1 (Very Easy) - Winner!

  • Race: Protoss Protoss
  • Spawn Location: 1:00

VOD

Have the link to the VOD?

Description

Time

  • Played on: Dec. 31, 2019, 9:23 a.m.
  • Length: 6:33
Show
View Real Time Build Order
Export as new Build Order

Maxilicious Terran 

Build Orders: Reaper Expand 

Get SALT Encoding   

  12  0:01  SCV  
  13  0:13  SCV  
  14  0:17  Supply Depot  
  14  0:25  SCV  
  15  0:38  SCV  
  15  0:40  Barracks  
  16  0:44  Refinery  
  16  0:50  SCV  
  17  1:03  SCV  
  18  1:15  SCV  
  19  1:27  Orbital Command  
  19  1:28  Reaper  
  20  1:43  Command Center  
  20  1:52  SCV  
  21  1:59  Supply Depot, Marine  
  22  2:04  SCV  
  23  2:11  Factory  
  23  2:17  Refinery  
  23  2:20  SCV  
  23  2:22  Barracks Reactor  
  24  2:32  SCV  
  25  2:44  SCV  
  26  2:55  Orbital Command  
  26  2:56  Starport, SCV  
  27  2:59  Widow Mine  
  27  3:00  Marine x2  
  31  3:09  SCV  
  32  3:18  Marine x2  
  32  3:19  Supply Depot  
  34  3:21  SCV x2  
  34  3:24  Widow Mine  
  38  3:32  Medivac  
  38  3:33  SCV x2  
  42  3:35  Marine  
  42  3:36  Marine  
  44  3:45  Factory Tech Lab  
  44  3:47  SCV x2  
  46  3:50  Supply Depot  
  46  3:55  Marine  
  46  3:56  Marine  
  46  3:59  SCV x2  
  50  4:03  Starport Tech Lab  
  50  4:13  Siege Tank  
  50  4:16  Command Center, SCV  
  50  4:17  SCV  
  55  4:23  Refinery x2  
  55  4:27  Raven  
  55  4:28  Marine x2  
  55  4:29  SCV x2  
  61  4:35  Supply Depot  
  61  4:44  Barracks  
  61  4:46  Barracks  
  61  4:51  Supply Depot, SCV  
  62  4:56  SCV, Marine x2  
  65  5:03  Engineering Bay  
  65  5:05  Engineering Bay  
  65  5:08  Siege Tank  
  65  5:09  SCV  
  65  5:12  SCV  
  70  5:17  Marine  
  70  5:18  Marine  
  72  5:23  Starport Reactor  
  72  5:26  SCV x2  
  72  5:28  Orbital Command  
  74  5:35  Barracks Tech Lab  
  74  5:40  Marine x2  
  74  5:41  SCV x2  
  78  5:45  Orbital Command  
  78  5:51  Marauder  
  78  5:53  Siege Tank  
  78  5:56  SCV x2  
  85  5:59  Supply Depot  
  85  6:01  Medivac x2  
  91  6:04  Marauder  
  91  6:05  Marine x2  
  93  6:18  Supply Depot  
  93  6:20  SCV x3  
  93  6:22  Supply Depot  
  96  6:27  Barracks  
  96  6:28  Barracks  
Show
View Real Time Build Order
Export as new Build Order

A.I. 1 (Very Easy) Protoss - Winner!

Build Orders: 1 Gate Expand, Nexus First 

Get SALT Encoding   

  12  0:00  Probe  
  13  0:13  Probe  
  14  0:19  Pylon  
  14  0:43  Gateway  
  14  1:02  Nexus  
  14  1:20  Pylon  
  14  1:21  Zealot  
  14  1:23  Assimilator  
  16  1:36  Cybernetics Core  
  16  1:38  Probe  
  17  1:50  Probe  
  18  2:00  Probe, Assimilator  
  19  2:08  Probe  
  19  2:13  Stalker  
  19  2:15  Probe  
  23  2:23  Probe  
  23  2:24  Warp Gate  
  23  2:28  Probe  
  25  2:39  Probe  
  26  2:50  Probe  
  27  2:57  Probe  
  28  3:00  Assimilator  
  28  3:03  Probe, Pylon  
  29  3:12  Probe  
  30  3:14  Robotics Facility  
  30  3:15  Probe  
  31  3:21  Zealot  
  31  3:26  Probe  
  34  3:29  Probe  
  35  3:40  Probe  
  36  3:48  Probe  
  37  3:55  Probe  
  38  4:02  Probe  
  39  4:03  Observer  
  39  4:07  Probe  
  41  4:14  Probe  
  41  4:16  Assimilator  
  42  4:19  Probe  
  43  4:24  Observer  
  43  4:27  Probe  
  43  4:29  Sentry  
  47  4:35  Pylon  
  47  4:38  Probe  
  48  4:45  Probe  
  49  4:52  Probe  
Tags
 
Add a new tag
Caveats
  • Supply blocks, unpowered buildings, or Contaminate may cause inaccurate times.
  • Supply counts are checked every 10 seconds.